Map: Oiseau de foudre EC

Players

zuka - Winner!

  • Race: Protoss Protoss
  • League: Master
  • Spawn Location: 5:00

Hutt

  • Race: Zerg Zerg
  • League: Master
  • Spawn Location: 11:00

VOD

Have the link to the VOD?

Description

Time

  • Played on: May 29, 2019, 2:46 p.m.
  • Length: 5:41
Show
View Real Time Build Order
Export as new Build Order

zuka Protoss - Winner!

Build Orders:  

Get SALT Encoding   

  12  0:01  Probe  
  13  0:13  Probe  
  14  0:20  Pylon  
  14  0:23  Probe  
  15  0:34  Probe  
  16  0:43  Gateway  
  16  0:45  Probe  
  16  0:48  Assimilator  
  18  0:57  Probe  
  18  1:09  Probe  
  19  1:16  Gateway  
  19  1:21  Probe  
  19  1:24  Zealot  
  20  1:30  Cybernetics Core  
  22  1:33  Probe  
  23  1:40  Pylon  
  25  2:04  Warp Gate  
  25  2:06  Adept  
  25  2:07  Adept  
  27  2:31  Nexus  
  27  2:36  Robotics Facility  
  26  2:45  Stalker  
  26  2:46  Zealot  
  30  2:56  Pylon  
  30  3:05  Shield Battery  
  30  3:16  Immortal  
  30  3:19  Zealot x2  
  34  3:34  Probe  
  39  3:39  Assimilator  
  39  3:46  Probe  
  40  3:55  Adept  
  42  3:58  Probe  
  43  4:06  Immortal  
  43  4:07  Probe  
  44  4:15  Probe  
  49  4:27  Probe  
  51  4:34  Stalker  
  52  4:39  Gateway  
  52  4:41  Pylon  
  52  4:42  Probe x2  
  54  4:50  Pylon  
  54  4:59  Probe x2  
  56  5:01  Pylon  
  56  5:11  Sentry  
  58  5:14  Adept  
  58  5:17  Probe x2  
  60  5:26  Probe  
  60  5:27  Pylon  
  60  5:29  Probe  
Show
View Real Time Build Order
Export as new Build Order

Hutt Zerg 

Build Orders: Pool Only 

Get SALT Encoding   

  12  0:02  Drone  
  13  0:10  Extractor  
  12  0:25  Spawning Pool  
  11  0:30  Drone  
  11  0:35  Drone  
  13  0:40  Drone  
  14  0:52  Overlord  
  14  1:12  Zergling x4  
  14  1:13  Zergling x2  
  17  1:21  Queen  
  19  1:26  Zergling x2  
  20  1:35  Metabolic Boost  
  20  1:41  Drone  
  20  1:46  Zergling x2  
  22  2:00  Lair  
  22  2:16  Overlord  
  22  2:52  Overlord  
  22  3:01  Nydus Network, Zergling x10  
  25  3:36  Zergling x8  
  29  3:42  Nydus Canal  
  29  3:48  Zergling x2  
  30  3:54  Zergling x8  
  34  3:59  Nydus Canal  
  34  4:05  Zergling x2  
  35  4:12  Queen  
  35  4:14  Overlord  
  37  4:20  Nydus Canal  
  37  4:31  Nydus Canal, Overlord  
  37  4:40  Nydus Canal  
  37  4:44  Zergling x2  
  38  4:51  Zergling x2  
  37  5:14  Nydus Canal  
  32  5:22  Zergling x2  
  32  5:23  Zergling x8  
Tags
 
Add a new tag
Caveats
  • Supply blocks, unpowered buildings, or Contaminate may cause inaccurate times.
  • Supply counts are checked every 10 seconds.